[Event "48th Indian U15-ch Open 2023"]
[Site "Jalgaon"]
[Date "2023.12.30"]
[Round "5.5"]
[White "Samyak Dharewa"]
[Black "Pavan Karthikeya Varma Gunturi"]
[Result "1/2-1/2"]
[WhiteElo "1939"]
[BlackElo "1538"]
[PlyCount "118"]
[EventDate "2023.12.30"]
[EventType "swiss"]
[EventCountry "IND"]
[TimeControl "5400+30"]

1. e4 e5 2. Nf3 Nc6 3. Bb5 a6 4. Ba4 Nf6 5. Qe2 b5 6. Bb3 Bc5 7. c3 d6 8. d3 h6 9. h3 O-O 10. Nbd2 Bb6 11. Nf1 Ne7 12. Be3 Bxe3 13. fxe3 c5 14. Ng3 Bb7 15. O-O Ng6 16. Nh2 d5 17. Ng4 Nxg4 18. Qxg4 c4 19. Bc2 dxe4 20. d4 exd4 21. exd4 Re8 22. Rae1 b4 23. Nf5 bxc3 24. bxc3 Re6 25. h4 Qf8 26. h5 Ne7 27. Ng3 e3 28. Ne2 f5 29. Bxf5 Nxf5 30. Rxf5 Qd6 31. Qf4 Qe7 32. Ng3 Rf8 33. Rxe3 Re8 34. Rxe6 Qxe6 35. Re5 Qc6 36. d5 Qc5+ 37. Kh2 Rxe5 38. Qxe5 Qxd5 39. Qxd5+ Bxd5 40. Nf5 Be4 41. Ne3 Bd3 42. Kg3 Be2 43. Kf4 Bxh5 44. Ke5 Be2 45. Kd5 g5 46. Nxc4 h5 47. Ne3 Kf7 48. Ke5 h4 49. Kf5 g4 50. Nxg4 Bf1 51. Ne5+ Ke8 52. Nf3 Bxg2 53. Nxh4 Bd5 54. a3 Kd7 55. Ke5 Kc6 56. Kd4 Be6 57. c4 Kb6 58. Ng6 Ka5 59. Nf4 Bxc4 1/2-1/2

[Event "48th Indian U15-ch Open 2023"]
[Site "Jalgaon"]
[Date "2023.12.30"]
[Round "5.6"]
[White "Daksh Goyal"]
[Black "Bivor Adak"]
[Result "1-0"]
[WhiteElo "1814"]
[BlackElo "1791"]
[PlyCount "154"]
[EventDate "2023.12.30"]
[EventType "swiss"]
[EventCountry "IND"]
[TimeControl "5400+30"]

1. e4 e5 2. Nf3 Nc6 3. Bb5 a6 4. Ba4 b5 5. Bb3 Na5 6. Bxf7+ Kxf7 7. Nxe5+ Ke7 8. d4 Nf6 9. O-O Bb7 10. Qe1 c5 11. dxc5 Ke8 12. b4 Nc6 13. Nxc6 Bxc6 14. Bb2 Be7 15. Nc3 Kf7 16. Rd1 Qb8 17. e5 Ng4 18. f4 Re8 19. Qg3 Nh6 20. Nd5 Bf8 21. Qb3 Qb7 22. Nb6+ Ke7 23. f5 Kd8 24. e6 d5 25. Nxa8 Qxa8 26. f6 gxf6 27. Bxf6+ Kc7 28. Rde1 Be7 29. Qg3+ Kb7 30. Qg7 Ng8 31. Bxe7 Nxe7 32. Rf7 Qd8 33. Qe5 Kc8 34. Qd6 Bb7 35. Qxd8+ Kxd8 36. Rxh7 Bc8 37. c3 Rg8 38. Rf7 Ke8 39. Rf6 Bb7 40. g3 Bc8 41. Kf2 Nc6 42. Rf5 d4 43. cxd4 Nxd4 44. Rf6 Nc6 45. a3 Ne7 46. h4 Bb7 47. Re5 Rg4 48. Rh5 Ng8 49. Rf4 Rg6 50. Rff5 Nf6 51. Rh8+ Ke7 52. Rf4 Kxe6 53. Rb8 Bc6 54. Rd8 Bd7 55. Rd4 Ke7 56. Rb8 Ng4+ 57. Ke2 Re6+ 58. Kd2 Ne5 59. Kc3 Nc6 60. Rb6 Nxd4 61. Kxd4 Re1 62. Rxa6 Rg1 63. Rg6 Ra1 64. h5 Rxa3 65. c6 Be8 66. c7 Ra8 67. Rg8 Kf7 68. Rg5 Rc8 69. h6 Kf6 70. Rg8 Rxc7 71. Rxe8 Kg6 72. Re6+ Kh7 73. Kd5 Rc4 74. Re4 Rc7 75. Rh4 Rc3 76. Kd6 Rxg3 77. Rh5 Rg8 1-0

[Event "48th Indian U15-ch Open 2023"]
[Site "Jalgaon"]
[Date "2023.12.30"]
[Round "5.7"]
[White "Shaik Sumer Arsh"]
[Black "Ashwinth Michael"]
[Result "0-1"]
[WhiteElo "2255"]
[BlackElo "1661"]
[PlyCount "112"]
[EventDate "2023.12.30"]
[EventType "swiss"]
[EventCountry "IND"]
[TimeControl "5400+30"]

1. d4 d5 2. c4 c6 3. Nc3 Nf6 4. e3 e6 5. Nf3 Nbd7 6. Be2 Bd6 7. O-O O-O 8. b3 b6 9. Bb2 Bb7 10. Qc2 Qe7 11. Rad1 Rad8 12. Rfe1 Rfe8 13. Bf1 c5 14. cxd5 exd5 15. g3 Rc8 16. Qb1 h6 17. Bg2 Qe6 18. Qa1 Bf8 19. Ne5 Nxe5 20. dxe5 Ne4 21. Nxe4 dxe4 22. Qb1 f5 23. Bf1 Kh7 24. Bc4 Qc6 25. a4 a6 26. h4 Rc7 27. Bc3 b5 28. Bd5 Qb6 29. a5 Qa7 30. Qc2 Bxd5 31. Rxd5 Rd7 32. Rxd7 Qxd7 33. Rd1 Qc7 34. Rd5 Rd8 35. Qd2 Be7 36. e6 b4 37. Be5 Qxe5 38. Rxd8 Bxd8 39. Qxd8 Qxe6 40. Qb6 Qxb3 41. Qxc5 Qd1+ 42. Kh2 Qf3 43. Qc2 b3 44. Qd2 f4 45. gxf4 Qg4 46. Qd5 Qxh4+ 47. Kg2 Qg4+ 48. Kh2 b2 49. Qxe4+ Qg6 50. f5 Qf6 51. Kh3 Kg8 52. Kg2 Qg5+ 53. Kh2 Qd8 54. Qb4 Qc7+ 55. Kg2 Qc6+ 56. e4 Qb5 0-1

[Event "48th Indian U15-ch Open 2023"]
[Site "Jalgaon"]
[Date "2023.12.30"]
[Round "5.8"]
[White "Nirnay Garg"]
[Black "Sri Charan Sandipagu"]
[Result "1-0"]
[WhiteElo "1894"]
[BlackElo "1660"]
[PlyCount "79"]
[EventDate "2023.12.30"]
[EventType "swiss"]
[EventCountry "IND"]
[TimeControl "5400+30"]

1. e4 Nc6 2. d4 e5 3. d5 Nce7 4. c4 Nf6 5. Nc3 Ng6 6. Be3 Bb4 7. f3 d6 8. Qa4+ Bd7 9. Qxb4 a5 10. Qb3 Nh5 11. Nge2 O-O 12. c5 Rb8 13. cxd6 cxd6 14. Qb6 Qe7 15. Nb5 Bxb5 16. Qxb5 Rbc8 17. Nc3 f5 18. exf5 Nh4 19. O-O-O Nxf5 20. Qd3 e4 21. fxe4 Nxe3 22. Qxe3 Nf6 23. Qh3 Kh8 24. Kb1 Qc7 25. Bd3 h6 26. Rhf1 Ra8 27. g4 Qd7 28. Rf5 Ng8 29. e5 dxe5 30. Rxe5 Rf2 31. Re6 Rc8 32. Qe3 Rxh2 33. Qf4 Rxc3 34. Qxh2 Rc5 35. Qd6 Qc8 36. Bf5 Qc7 37. Qxc7 Rxc7 38. d6 Rc8 39. d7 Rd8 40. Re8 1-0

[Event "48th Indian U15-ch Open 2023"]
[Site "Jalgaon"]
[Date "2023.12.30"]
[Round "5.9"]
[White "Niladri Banerjee"]
[Black "Jihan Tejas Shah"]
[Result "0-1"]
[WhiteElo "1651"]
[BlackElo "1891"]
[PlyCount "154"]
[EventDate "2023.12.30"]
[EventType "swiss"]
[EventCountry "IND"]
[TimeControl "5400+30"]

1. d4 Nf6 2. c4 g6 3. Nc3 Bg7 4. e4 d6 5. h3 O-O 6. Nf3 e5 7. dxe5 dxe5 8. Bg5 Nbd7 9. Be2 Nc5 10. Qc2 c6 11. O-O Ne6 12. Be3 Nh5 13. Rad1 Qe7 14. g3 Bd7 15. c5 Nd4 16. Nxd4 exd4 17. Bxd4 Bxh3 18. Bxg7 Kxg7 19. Rfe1 Qxc5 20. b4 Qg5 21. Kh2 Be6 22. Qd2 Qxd2 23. Rxd2 Nf6 24. f4 Rfd8 25. Red1 Rxd2 26. Rxd2 Kf8 27. e5 Nd5 28. Ne4 Ke7 29. Nd6 Nxb4 30. Rb2 Nxa2 31. Rxb7+ Kf8 32. Bf3 a5 33. Bxc6 Rd8 34. Ra7 Rb8 35. g4 Nb4 36. Bf3 Nd3 37. Kg3 Rd8 38. Be4 Nc5 39. Bc6 a4 40. Ra5 Nd3 41. Rxa4 g5 42. f5 Bb3 43. Nxf7 Bxf7 44. e6 Be8 45. Ra7 Kg8 46. e7 Rc8 47. Bd5+ Kg7 48. Ra6 Ne5 49. f6+ Kh8 50. Rd6 Rc3+ 51. Kg2 Nxg4 52. Rd8 Nxf6 53. Bf7 Re3 54. Bxe8 Rxe7 55. Bd7+ Kg7 56. Bf5 Re5 57. Bb1 h5 58. Ra8 Re2+ 59. Kf1 Rb2 60. Ra7+ Kh6 61. Bd3 g4 62. Ra6 Kg5 63. Ra5+ Kh4 64. Rf5 Rb6 65. Kg2 Rd6 66. Bb5 Rd5 67. Rxd5 Nxd5 68. Bc6 Nf4+ 69. Kh2 Kg5 70. Be4 h4 71. Bb7 g3+ 72. Kg1 h3 73. Bf3 Kh4 74. Kh1 Nd3 75. Kg1 Nf2 76. Bh1 h2+ 77. Kg2 Kg4 0-1

[Event "48th Indian U15-ch Open 2023"]
[Site "Jalgaon"]
[Date "2023.12.30"]
[Round "5.10"]
[White "Mukund Hemant Agarwal"]
[Black "Anirudh R"]
[Result "1-0"]
[WhiteElo "1852"]
[BlackElo "1621"]
[PlyCount "107"]
[EventDate "2023.12.30"]
[EventType "swiss"]
[EventCountry "IND"]
[TimeControl "5400+30"]

1. e4 e6 2. d4 d5 3. Nd2 c5 4. Ngf3 cxd4 5. Nxd4 Nf6 6. exd5 Qxd5 7. Nb5 Qd8 8. Nc4 Qxd1+ 9. Kxd1 Na6 10. Nbd6+ Bxd6 11. Nxd6+ Ke7 12. Bxa6 Rd8 13. Bd3 Rxd6 14. Bf4 Rd8 15. Ke2 Bd7 16. c4 Bc6 17. f3 a5 18. b3 Nd7 19. Rhd1 e5 20. Be3 Nf8 21. a3 Ne6 22. b4 Ba4 23. Rdc1 Nd4+ 24. Bxd4 Rxd4 25. Be4 Bc6 26. Bd3 Bd7 27. b5 Rd8 28. Rc3 Be6 29. Ke3 f5 30. Rac1 b6 31. Be2 Rd2 32. c5 f4+ 33. Kf2 bxc5 34. Kf1 c4 35. Bxc4 Rb2 36. Bd3 Rd2 37. Be2 Rb2 38. R1c2 Rb1+ 39. Kf2 Bf5 40. Rc7+ Kf8 41. R2c5 Bd3 42. Rc8 Bxe2 43. Rxd8+ Ke7 44. Rdd5 Bf1 45. Rxe5+ Kf6 46. Re1 Rxb5 47. Rc6+ Kf5 48. Kxf1 a4 49. Rec1 Ke5 50. R1c5+ Rxc5 51. Rxc5+ Kd4 52. Ra5 g5 53. Rxa4+ Kd5 54. Ra5+ 1-0

[Event "48th Indian U15-ch Open 2023"]
[Site "Jalgaon"]
[Date "2023.12.31"]
[Round "6.1"]
[White "Mayank Chakraborty"]
[Black "Md Imran"]
[Result "1/2-1/2"]
[ECO "D27"]
[WhiteElo "2403"]
[BlackElo "2174"]
[Annotator "RC"]
[PlyCount "60"]
[EventDate "2023.12.30"]
[EventType "swiss"]
[EventCountry "IND"]
[SourceTitle "playchess.com"]
[Source "ChessBase"]
[SourceQuality "1"]
[TimeControl "5400+30"]

1. d4 d5 2. c4 e6 3. Nf3 dxc4 4. e3 Nf6 5. Bxc4 c5 6. O-O a6 7. a4 cxd4 8. exd4 Nc6 9. Nc3 Be7 10. Bg5 O-O 11. Re1 h6 12. Bh4 b6 13. d5 Nxd5 14. Bxd5 exd5 15. Qxd5 Qxd5 16. Nxd5 Bc5 17. a5 Nb4 18. Nxb6 Bxb6 19. axb6 Nc2 20. Bg3 Nxa1 21. Rxa1 Bb7 22. Nd4 Rfd8 23. Nb3 Rd5 24. Na5 Rad8 25. Kf1 Ba8 26. b7 Rxa5 27. Rxa5 Bxb7 28. f3 Rd5 29. Rxd5 Bxd5 30. Kf2 f6 1/2-1/2

[Event "48th Indian U15-ch Open 2023"]
[Site "Jalgaon"]
[Date "2023.12.31"]
[Round "6.2"]
[White "Bhoir Paras Dilip"]
[Black "Daksh Goyal"]
[Result "1/2-1/2"]
[ECO "B12"]
[WhiteElo "1808"]
[BlackElo "1814"]
[Annotator "NA COMBH"]
[PlyCount "139"]
[EventDate "2023.12.30"]
[EventType "swiss"]
[EventCountry "IND"]
[SourceTitle "playchess.com"]
[Source "ChessBase"]
[SourceQuality "1"]
[TimeControl "5400+30"]

1. e4 c6 2. d4 d5 3. e5 Bf5 4. h4 h5 5. Bg5 Qb6 6. Bd3 Qxd4 7. Nf3 Qg4 8. Bxf5 Qxf5 9. O-O f6 10. c4 dxc4 11. Nd4 Qd3 12. Ne6 Qxd1 13. Rxd1 Na6 14. Be3 Nh6 15. Nd2 Kf7 16. Nf4 fxe5 17. Nh3 b5 18. Ng5+ Ke8 19. Ndf3 Ng4 20. Ne6 g6 21. a4 b4 22. Rac1 c3 23. bxc3 Nxe3 24. fxe3 Bh6 25. Kf2 Kf7 26. cxb4 Nxb4 27. Nc7 Rad8 28. Nxe5+ Kf6 29. Nd7+ Kf7 30. Ke2 Bg7 31. e4 Na2 32. Rxc6 Nc3+ 33. Rxc3 Bxc3 34. Rf1+ Kg8 35. Rd1 Rc8 36. Ne6 Kf7 37. Ng5+ Ke8 38. e5 Rc4 39. e6 Rxa4 40. Rc1 Ra3 41. Nf7 Rf8 42. Rb1 Ra2+ 43. Kd3 Bb2 44. Rf1 Ra1 45. Rf2 Ra3+ 46. Ke4 Ra4+ 47. Kd5 Rd4+ 48. Kc6 Bc1 49. Rf1 Bf4 50. Nxf8 Kxf8 51. Ne5 Kg7 52. Nd7 Rd6+ 53. Kb7 Rd4 54. Kc8 g5 55. Kd8 gxh4 56. Kxe7 Bg5+ 57. Ke8 Rf4 58. Ra1 Rc4 59. Ne5 Rc7 60. Nf3 Bf6 61. Ra4 Re7+ 62. Kd8 Rxe6+ 63. Kd7 Re7+ 64. Kd6 Rb7 65. Nxh4 Bxh4 66. Rxh4 Rb6+ 67. Kc5 Rh6 68. g4 hxg4 69. Rxg4+ Kf7 70. Re4 1/2-1/2

[Event "48th Indian U15-ch Open 2023"]
[Site "Jalgaon"]
[Date "2023.12.31"]
[Round "6.3"]
[White "Jihan Tejas Shah"]
[Black "Sureka Akshat"]
[Result "1-0"]
[ECO "E39"]
[WhiteElo "1891"]
[BlackElo "1808"]
[Annotator "NA COMBH"]
[PlyCount "83"]
[EventDate "2023.12.30"]
[EventType "swiss"]
[EventCountry "IND"]
[SourceTitle "playchess.com"]
[Source "ChessBase"]
[SourceQuality "1"]
[TimeControl "5400+30"]

1. d4 Nf6 2. c4 e6 3. Nc3 Bb4 4. Qc2 c5 5. dxc5 O-O 6. Nf3 Na6 7. a3 Bxc3+ 8. Qxc3 Nxc5 9. e3 a5 10. Be2 a4 11. O-O d6 12. Bd2 Nfe4 13. Qc2 e5 14. Bb4 f5 15. Rad1 Qf6 16. Nd2 Qg6 17. f3 Nf6 18. Nb1 Nh5 19. Nc3 Qh6 20. f4 exf4 21. Bxh5 Qxh5 22. Rxd6 Ne4 23. Nxe4 fxe4 24. Rd5 Bf5 25. Bxf8 Rxf8 26. Rxf4 Rf6 27. Qxe4 Bxe4 28. Rxh5 Re6 29. Ra5 Bc6 30. Ra8+ Be8 31. Kf2 h6 32. Rb8 Re7 33. c5 Kh7 34. Rxe8 Rxe8 35. Rxa4 Rd8 36. Ke2 Rd5 37. b4 Rh5 38. h3 Rg5 39. g4 h5 40. Kf3 hxg4+ 41. hxg4 Re5 42. Ra7 1-0

[Event "48th Indian U15-ch Open 2023"]
[Site "Jalgaon"]
[Date "2023.12.31"]
[Round "6.4"]
[White "Vignesh Advaith Vemula"]
[Black "Ashwinth Michael"]
[Result "1-0"]
[ECO "B33"]
[WhiteElo "2028"]
[BlackElo "1661"]
[Annotator "COMBH"]
[PlyCount "139"]
[EventDate "2023.12.30"]
[EventType "swiss"]
[EventCountry "IND"]
[SourceTitle "playchess.com"]
[Source "ChessBase"]
[SourceQuality "1"]
[TimeControl "5400+30"]

1. e4 c5 2. Nf3 Nc6 3. d4 cxd4 4. Nxd4 Nf6 5. Nc3 e5 6. Ndb5 d6 7. Bg5 a6 8. Na3 b5 9. Nd5 Be7 10. Bxf6 Bxf6 11. c4 b4 12. Nc2 O-O 13. g3 a5 14. h4 Be6 15. Bh3 a4 16. Kf1 b3 17. axb3 axb3 18. Nce3 Rxa1 19. Qxa1 Nd4 20. Kg2 g6 21. Qa7 h5 22. Ra1 Bg7 23. Qb7 Bxh3+ 24. Kxh3 Kh7 25. Ra7 Qe8 26. Kg2 Qe6 27. Qb6 g5 28. hxg5 Qg6 29. Nf5 Nxf5 30. exf5 Qxf5 31. Qxb3 e4 32. Qd1 Qxg5 33. Qe2 Qf5 34. b4 Be5 35. Ne7 Qg4 36. Qxg4 hxg4 37. Nc6 Rc8 38. b5 Kg7 39. c5 Kf6 40. Nxe5 Kxe5 41. c6 Kd5 42. c7 Kc5 43. Rb7 d5 44. b6 Kc6 45. Rb8 Kd7 46. Kf1 d4 47. Ke2 f5 48. b7 Rxc7 49. Rd8+ Kxd8 50. b8=Q+ Kd7 51. Qb5+ Ke6 52. Qb6+ Kd7 53. Qxd4+ Ke6 54. Qb6+ Kd7 55. Qf6 Rc5 56. Ke3 Kc7 57. Kf4 Rc2 58. Qd4 Rc6 59. Kxf5 Rd6 60. Qa7+ Kc6 61. Kxe4 Re6+ 62. Kf4 Rd6 63. Kxg4 Kd5 64. f4 Ke6 65. Qa2+ Kf6 66. Qb2+ Kg6 67. Qe5 Rf6 68. f5+ Kf7 69. Kg5 Rb6 70. Qc7+ 1-0

[Event "48th Indian U15-ch Open 2023"]
[Site "Jalgaon"]
[Date "2023.12.31"]
[Round "6.5"]
[White "Vatsal Singla"]
[Black "Samyak Dharewa"]
[Result "1/2-1/2"]
[ECO "C09"]
[WhiteElo "1714"]
[BlackElo "1939"]
[Annotator "COMBH"]
[PlyCount "91"]
[EventDate "2023.12.30"]
[EventType "swiss"]
[EventCountry "IND"]
[SourceTitle "playchess.com"]
[Source "ChessBase"]
[SourceQuality "1"]
[TimeControl "5400+30"]

1. e4 c5 2. c3 e6 3. Nf3 d5 4. exd5 exd5 5. d4 Nc6 6. Bb5 Bd6 7. O-O Nge7 8. dxc5 Bxc5 9. Nbd2 O-O 10. Nb3 Bb6 11. Re1 Bg4 12. Be3 Ng6 13. h3 Be6 14. Bxc6 bxc6 15. Bc5 Re8 16. Nfd4 Qg5 17. Qf3 Bd7 18. Qg3 Qxg3 19. fxg3 Ne5 20. a4 Nd3 21. Rxe8+ Bxe8 22. Bxb6 axb6 23. a5 bxa5 24. Rxa5 Rd8 25. Nc5 Nxb2 26. Kf1 Nd1 27. Na4 Ne3+ 28. Ke2 Nc4 29. Ra6 Kf8 30. Nc5 g6 31. g4 h6 32. h4 Ne5 33. g5 hxg5 34. hxg5 Rc8 35. Ke3 Nd7 36. Ndb3 Ke7 37. Kd4 f6 38. Nxd7 Bxd7 39. Ra7 Kd6 40. Nc5 Bf5 41. gxf6 Rf8 42. f7 Be6 43. c4 Bf5 44. g4 Bxg4 45. cxd5 cxd5 46. Nd3 1/2-1/2

[Event "48th Indian U15-ch Open 2023"]
[Site "Jalgaon"]
[Date "2023.12.31"]
[Round "6.6"]
[White "Patil Akshaj"]
[Black "Nirnay Garg"]
[Result "1/2-1/2"]
[ECO "B41"]
[WhiteElo "1559"]
[BlackElo "1894"]
[Annotator "NA COMBH"]
[PlyCount "103"]
[EventDate "2023.12.30"]
[EventType "swiss"]
[EventCountry "IND"]
[SourceTitle "playchess.com"]
[Source "ChessBase"]
[SourceQuality "1"]
[TimeControl "5400+30"]

1. e4 c5 2. Nf3 e6 3. d4 cxd4 4. Nxd4 a6 5. c4 Nf6 6. Nc3 Bb4 7. Qd3 Qc7 8. a3 Bxc3+ 9. Qxc3 d6 10. f3 O-O 11. Be2 e5 12. Nc2 Be6 13. Bg5 Nbd7 14. Ne3 h6 15. Bh4 g5 16. Bf2 Rfc8 17. Rc1 Qb8 18. Qd2 Nc5 19. Rd1 Rc6 20. Nd5 Qd8 21. b4 Ncd7 22. b5 axb5 23. cxb5 Rcc8 24. Nxf6+ Nxf6 25. h4 Ne8 26. hxg5 hxg5 27. Be3 f6 28. Ra1 d5 29. exd5 Qxd5 30. Bd3 Rd8 31. Bh7+ Kf8 32. Qb4+ Nd6 33. Be4 Qxb5 34. Qxb5 Nxb5 35. Bc5+ Kg7 36. Rh7+ Kg8 37. Rxb7 Nd6 38. Bxd6 Rxd6 39. Rb2 Ra5 40. Bc2 f5 41. a4 Bd7 42. Rd1 Rxd1+ 43. Bxd1 Kf7 44. Bc2 Ra6 45. Rb4 Ke6 46. Kd2 Kd5 47. Bb3+ Kc5 48. Kc3 Bc6 49. Rc4+ Kd6 50. Rb4 e4 51. fxe4 Bxe4 52. g4 1/2-1/2

[Event "48th Indian U15-ch Open 2023"]
[Site "Jalgaon"]
[Date "2023.12.31"]
[Round "6.7"]
[White "Arshpreet Singh"]
[Black "Madhvendra Pratap Sharma"]
[Result "1/2-1/2"]
[ECO "C00"]
[WhiteElo "1878"]
[BlackElo "1803"]
[Annotator "NA COMBH"]
[PlyCount "112"]
[EventDate "2023.12.30"]
[EventType "swiss"]
[EventCountry "IND"]
[SourceTitle "playchess.com"]
[Source "ChessBase"]
[SourceQuality "1"]
[TimeControl "5400+30"]

1. e4 e6 2. c4 d5 3. cxd5 exd5 4. exd5 Nf6 5. Bb5+ Nbd7 6. Nc3 a6 7. Be2 Bd6 8. d4 h6 9. Bf3 Nb6 10. Nge2 O-O 11. O-O Bf5 12. Ng3 Qd7 13. Qb3 Bg4 14. Nce4 Nxe4 15. Nxe4 Bxf3 16. Qxf3 Nxd5 17. Nc5 Bxc5 18. dxc5 Qc6 19. Rd1 Rad8 20. Be3 Nxe3 21. Qxc6 bxc6 22. fxe3 Rfe8 23. Kf2 Rb8 24. Rd2 Re5 25. Rc1 Rd5 26. Rcc2 Rf5+ 27. Kg3 Rb5 28. Rd8+ Kh7 29. Ra8 a5 30. Ra7 Rfxc5 31. Re2 Rg5+ 32. Kf2 Rgf5+ 33. Ke1 Rbc5 34. Rxc7 Rc1+ 35. Kd2 Rfc5 36. Kd3 Rd5+ 37. Ke4 Rc4+ 38. Kf3 Rf5+ 39. Kg3 Rg5+ 40. Kf2 Rf5+ 41. Ke1 Rc1+ 42. Kd2 Rfc5 43. Ra7 Ra1 44. a3 Rb1 45. Kd3 Rd1+ 46. Ke4 Rf1 47. Kd4 Rb5 48. Rc7 Rd1+ 49. Ke4 f5+ 50. Kf3 Rf1+ 51. Kg3 f4+ 52. exf4 Rb3+ 53. Kg4 h5+ 54. Kxh5 Rxf4 55. Kg5 Rf6 56. g4 Rbf3 1/2-1/2

[Event "48th Indian U15-ch Open 2023"]
[Site "Jalgaon"]
[Date "2023.12.31"]
[Round "6.8"]
[White "Pavan Karthikeya Varma Gunturi"]
[Black "Mukund Hemant Agarwal"]
[Result "1-0"]
[ECO "B23"]
[WhiteElo "1538"]
[BlackElo "1852"]
[Annotator "NA COMBH"]
[PlyCount "115"]
[EventDate "2023.12.30"]
[EventType "swiss"]
[EventCountry "IND"]
[SourceTitle "playchess.com"]
[Source "ChessBase"]
[SourceQuality "1"]
[TimeControl "5400+30"]

1. e4 c5 2. Nc3 Nc6 3. Bb5 Nd4 4. Nf3 a6 5. Bd3 g6 6. Rb1 Bg7 7. b4 cxb4 8. Rxb4 Nc6 9. Rb1 d6 10. h3 Nf6 11. O-O d5 12. a4 d4 13. Ne2 Nd7 14. Ba3 Nde5 15. Nf4 Nxd3 16. Nxd3 O-O 17. Bc5 Re8 18. Bb6 Qd6 19. Bc5 Qb8 20. Qc1 e5 21. Qa3 Bf8 22. Bxf8 Rxf8 23. Qc5 f6 24. Rb6 Bd7 25. Qd5+ Rf7 26. Nc5 Bc8 27. Rfb1 Qc7 28. Rxb7 Bxb7 29. Rxb7 Rd8 30. Qe6 Rd6 31. Rxc7 Rxe6 32. Nxe6 Rxc7 33. Nxc7 Nb4 34. c3 dxc3 35. dxc3 Na2 36. Nxa6 Nxc3 37. Nc5 Kf7 38. Nd2 Ke7 39. Nc4 f5 40. f3 fxe4 41. fxe4 g5 42. a5 h5 43. a6 Nb5 44. Nd3 g4 45. Ndxe5 gxh3 46. gxh3 Ke6 47. Nc6 Kf6 48. a7 Nc7 49. Nb6 Ke6 50. a8=Q Nxa8 51. Nxa8 Kd6 52. Nb4 Ke5 53. Kg2 Kxe4 54. Kg3 Kf5 55. Kh4 Kg6 56. Nd5 Kh6 57. Nf4 Kh7 58. Kxh5 1-0

[Event "48th Indian U15-ch Open 2023"]
[Site "Jalgaon"]
[Date "2023.12.31"]
[Round "6.9"]
[White "Bivor Adak"]
[Black "Vivaan Vijay Saraogi"]
[Result "1-0"]
[ECO "B80"]
[WhiteElo "1791"]
[BlackElo "1982"]
[Annotator "COMBH"]
[PlyCount "107"]
[EventDate "2023.12.30"]
[EventType "swiss"]
[EventCountry "IND"]
[SourceTitle "playchess.com"]
[Source "ChessBase"]
[SourceQuality "1"]
[TimeControl "5400+30"]

1. e4 c5 2. Nf3 d6 3. d4 cxd4 4. Nxd4 Nf6 5. Nc3 a6 6. Be3 e6 7. a3 Be7 8. Qe2 Qc7 9. g4 h6 10. Bg2 Nc6 11. h3 Bd7 12. f4 g6 13. Nb3 g5 14. fxg5 hxg5 15. Bxg5 Ng8 16. Bxe7 Ngxe7 17. O-O-O Ne5 18. Qd2 Nc4 19. Qd4 O-O-O 20. Bf1 b5 21. Bxc4 bxc4 22. Nd2 Bb5 23. a4 e5 24. Qf2 Be8 25. Qe2 Kb7 26. Qxc4 Qb6 27. Qb3 Bc6 28. Qxb6+ Kxb6 29. Nc4+ Kc5 30. Ne3 Ng6 31. Ned5 Rh7 32. Rd3 a5 33. b3 Bxd5 34. Nxd5 Kc6 35. Rc3+ Kb7 36. Rc7+ Kb8 37. Rc6 Kb7 38. Rb6+ Ka7 39. Rb5 Ka6 40. b4 Rdh8 41. bxa5 f6 42. Rf1 Rf8 43. Rf3 Rb7 44. Nb4+ Ka7 45. Nc6+ Ka8 46. Rfb3 Rxb5 47. axb5 Kb7 48. Rd3 Kc7 49. Nb4 Kd7 50. Nd5 Rb8 51. b6 Kc6 52. a6 Ra8 53. Rc3+ Kd7 54. b7 1-0

[Event "48th Indian U15-ch Open 2023"]
[Site "Jalgaon"]
[Date "2023.12.31"]
[Round "6.10"]
[White "Mrithyunjay Mahadevan"]
[Black "Challa Saharsha"]
[Result "1-0"]
[ECO "B30"]
[WhiteElo "1944"]
[BlackElo "1674"]
[Annotator "COMBH"]
[PlyCount "95"]
[EventDate "2023.12.30"]
[EventType "swiss"]
[EventCountry "IND"]
[SourceTitle "playchess.com"]
[Source "ChessBase"]
[SourceQuality "1"]
[TimeControl "5400+30"]

1. e4 c5 2. Nf3 Nc6 3. Bb5 e5 4. O-O Bd6 5. Re1 a6 6. Bf1 Nf6 7. c3 Be7 8. d4 d6 9. d5 Nb8 10. h3 Nbd7 11. a4 b6 12. Nbd2 Nf8 13. b4 Ng6 14. bxc5 bxc5 15. Rb1 O-O 16. Nc4 Bd7 17. Nb6 Rb8 18. a5 Bc8 19. Nd2 Qc7 20. Ndc4 Ne8 21. Qc2 Bb7 22. g3 Nf6 23. h4 Rfd8 24. Bh3 Nf8 25. Bg5 h6 26. Bxf6 Bxf6 27. Rb3 Qe7 28. Reb1 Bxh4 29. gxh4 Qxh4 30. Bg2 Ng6 31. Ne3 Bc8 32. Nxc8 Rbxc8 33. Qe2 Nf4 34. Qg4 Qf6 35. Rb7 g6 36. Bf1 h5 37. Qg3 Kh8 38. Ra7 Rb8 39. Rb6 Rxb6 40. axb6 Rb8 41. b7 Kh7 42. Bxa6 Qd8 43. Qf3 f5 44. exf5 gxf5 45. Ng2 Qg8 46. Kf1 Qf7 47. Nxf4 exf4 48. Ra8 1-0

[Event "48th Indian U15-ch Open 2023"]
[Site "Jalgaon"]
[Date "2023.12.31"]
[Round "7.1"]
[White "Md Imran"]
[Black "Bhoir Paras Dilip"]
[Result "1/2-1/2"]
[ECO "D31"]
[WhiteElo "2174"]
[BlackElo "1808"]
[Annotator "RC"]
[PlyCount "107"]
[EventDate "2023.12.30"]
[EventType "swiss"]
[EventCountry "IND"]
[SourceTitle "playchess.com"]
[Source "ChessBase"]
[SourceQuality "1"]
[TimeControl "5400+30"]

1. d4 d5 2. c4 e6 3. Nc3 c6 4. cxd5 exd5 5. Bf4 Bd6 6. Bxd6 Qxd6 7. e3 Bf5 8. g4 Bg6 9. Nge2 h5 10. g5 h4 11. Nf4 Bf5 12. Bd3 Bxd3 13. Qxd3 g6 14. f3 Ne7 15. Kf2 Nd7 16. Rac1 Nf5 17. Rhe1 O-O 18. Nce2 Rad8 19. e4 dxe4 20. fxe4 Ng7 21. Qa3 Qb8 22. Kg2 c5 23. Qb3 Rfe8 24. Nxg6 Rxe4 25. Qf3 Ree8 26. Nxh4 cxd4 27. Nxd4 Ne5 28. Qc3 Qd6 29. Rcd1 Ng4 30. Nhf3 Rxe1 31. Rxe1 Nxh2 32. Nb5 Qd5 33. Re5 Qxf3+ 34. Qxf3 Nxf3 35. Kxf3 Rd2 36. Re2 Rd5 37. Nxa7 Ne6 38. Re3 Nxg5+ 39. Ke2 Ne6 40. Nc8 Kf8 41. Nb6 Rb5 42. Nc4 Ke7 43. b3 Rh5 44. Kd3 f5 45. Ne5 Rg5 46. Re1 Kf6 47. Nd7+ Kf7 48. Ne5+ Ke7 49. a4 Rg3+ 50. Kc4 f4 51. b4 Kf6 52. Nd7+ Kf7 53. Nc5 Nxc5 54. Kxc5 1/2-1/2

[Event "48th Indian U15-ch Open 2023"]
[Site "Jalgaon"]
[Date "2023.12.31"]
[Round "7.2"]
[White "Jihan Tejas Shah"]
[Black "Mayank Chakraborty"]
[Result "1/2-1/2"]
[ECO "E35"]
[WhiteElo "1891"]
[BlackElo "2403"]
[Annotator "RC"]
[PlyCount "89"]
[EventDate "2023.12.30"]
[EventType "swiss"]
[EventCountry "IND"]
[SourceTitle "playchess.com"]
[Source "ChessBase"]
[SourceQuality "1"]
[TimeControl "5400+30"]

1. d4 Nf6 2. c4 e6 3. Nc3 Bb4 4. Qc2 d5 5. cxd5 exd5 6. Bg5 O-O 7. e3 c5 8. dxc5 Be6 9. Bd3 h6 10. Bh4 Nbd7 11. Nge2 Rc8 12. O-O Nxc5 13. Rfd1 Qe7 14. Rac1 Rfd8 15. Bf5 g5 16. Bg3 Nce4 17. Bxe6 fxe6 18. Qd3 Qf7 19. Nxe4 Nxe4 20. Rxc8 Rxc8 21. Rc1 Rxc1+ 22. Nxc1 Qf5 23. f3 Nxg3 24. hxg3 Bc5 25. Kf2 Qe5 26. b3 Kg7 27. Ne2 h5 28. f4 Qf6 29. Qb5 Bb6 30. a4 h4 31. a5 hxg3+ 32. Kf3 Qf7 33. Nxg3 Bxe3 34. f5 exf5 35. Qd3 f4 36. Nf5+ Kf8 37. Kg4 Qd7 38. Qf1 Ke8 39. Qh1 Kd8 40. Qh8+ Kc7 41. Qc3+ Kb8 42. Qh8+ Qc8 43. Qe5+ Ka8 44. Qxd5 a6 45. Kxg5 1/2-1/2

[Event "48th Indian U15-ch Open 2023"]
[Site "Jalgaon"]
[Date "2023.12.31"]
[Round "7.3"]
[White "Daksh Goyal"]
[Black "Vignesh Advaith Vemula"]
[Result "1/2-1/2"]
[ECO "B99"]
[WhiteElo "1814"]
[BlackElo "2028"]
[Annotator "RC"]
[PlyCount "136"]
[EventDate "2023.12.30"]
[EventType "swiss"]
[EventCountry "IND"]
[SourceTitle "playchess.com"]
[Source "ChessBase"]
[SourceQuality "1"]
[TimeControl "5400+30"]

1. e4 c5 2. Nf3 d6 3. d4 cxd4 4. Nxd4 Nf6 5. Nc3 a6 6. Bg5 e6 7. f4 Be7 8. Qf3 Qc7 9. O-O-O Nbd7 10. g4 h6 11. Bxf6 Bxf6 12. h4 Nb6 13. g5 Bxd4 14. Rxd4 Qc5 15. Rd2 Bd7 16. Be2 Na4 17. Rd3 Rc8 18. Bd1 Nb6 19. Qe3 Qxe3+ 20. Rxe3 hxg5 21. fxg5 Nc4 22. Reh3 g6 23. Be2 Ne5 24. Nd1 Bc6 25. Nf2 Ke7 26. Kd2 Rhd8 27. Rd1 b5 28. Kc1 b4 29. Rd4 a5 30. Ng4 Nd7 31. Re3 Rh8 32. e5 Bd5 33. exd6+ Kxd6 34. Nh6 Kc5 35. Rf4 f5 36. Bd1 Rcf8 37. Re1 Kd6 38. h5 Rxh6 39. gxh6 g5 40. Rd4 Kc5 41. Rd2 Nf6 42. c3 bxc3 43. bxc3 Ne4 44. Rde2 Rh8 45. Bc2 Rxh6 46. Bxe4 Bxe4 47. Rxe4 fxe4 48. Rxe4 Kd5 49. Ra4 Rxh5 50. Kd2 e5 51. c4+ Kd4 52. Rxa5 g4 53. c5 Rh2+ 54. Ke1 Ke3 55. Ra3+ Kf4 56. Rc3 Rh3 57. Rc4+ Ke3 58. Kf1 Kd3 59. Rxg4 Rh1+ 60. Kf2 Rc1 61. Rg3+ Kd4 62. a4 e4 63. Ke2 Rxc5 64. Ra3 Ra5 65. Ra1 Kc3 66. Ke3 Kb3 67. Kxe4 Rxa4+ 68. Rxa4 Kxa4 1/2-1/2